 Dungeon Crawl Stone Soup version 0.19.0-19-g8c6edcc (webtiles) character file.

127 glitchdot the Cudgeler (level 5, 0/33 HPs)
             Began as a Gargoyle Monk on Nov 15, 2016.
             Was a Follower of Elyvilon.
             Slain by an ogre
             ... wielding a +0 giant club
              (13 damage)
             ... on level 4 of the Dungeon.
             The game lasted 00:12:05 (2062 turns).

glitchdot the Cudgeler (Gargoyle Monk)              Turns: 2062, Time: 00:12:06

Health: 0/33       AC: 10    Str: 16      XL:     5   Next: 11%
Magic:  1/1        EV: 11    Int:  7 (10) God:    Elyvilon [*.....]
Gold:   108        SH:  0    Dex: 12      Spells: 0 memorised, 4 levels left

rFire  . . .     SeeInvis +     l - +2 mace (antimagic)
rCold  . . .     Gourm    .     d - +0 ring mail (curse)
rNeg   + . .     Faith    .     (no shield)
rPois  ∞         Spirit   .     j - +0 helmet
rElec  +         Reflect  .     (no cloak)
rCorr  .         Harm     .     (no gloves)
MR     .....                    (no boots)
Stlth  +.........               (no amulet)
                                (no ring)
                                g - ring of see invisible

@: protection
A: negative energy resistance 1, electricity resistance, unbreathing,
petrification resistance, rot immunity, AC +4
a: Lesser Healing, Divine Protection, Renounce Religion


You were on level 4 of the Dungeon.
You worshipped Elyvilon.
Elyvilon was aware of your devotion.
You were not hungry.

You visited 1 branch of the dungeon, and saw 3 of its levels.

You collected 108 gold pieces.

Inventory:

Hand Weapons
 a - a +0 mace
 i - a +0 whip
 l - a +2 antimagic mace (weapon)
Armour
 b - a +0 robe
 d - a cursed +0 ring mail (worn)
 j - a +0 helmet (worn)
 m - a +0 helmet
Jewellery
 g - a ring of see invisible (left hand)
Scrolls
 e - a scroll of fear
 f - a scroll of fog
Books
 k - a book of Minor Magic

   Spells                             Type                      Level
   a - Magic Dart                     Conjuration                  1
   b - Blink                          Translocation                2
   c - Call Imp                       Summoning                    2
   d - Repel Missiles                 Charms/Air                   2
   e - Slow                           Hexes                        2
   f - Conjure Flame                  Conjuration/Fire             3
   g - Mephitic Cloud                 Conjuration/Poison/Air       3
Comestibles
 c - a bread ration
 h - a beef jerky
 n - 2 meat rations


   Skills:
 + Level 4.0 Fighting
 + Level 4.4 Maces & Flails
 + Level 0.4 Armour
 + Level 3.0 Dodging
 + Level 2.5 Stealth
 + Level 0.2 Invocations


You had 4 spell levels left.
You didn't know any spells.

Dungeon Overview and Level Annotations

Branches:
Dungeon (2/15)

Altars:
Elyvilon
Gozag


Innate Abilities, Weirdness & Mutations

You are resistant to torment.
Your stone body is resilient. (AC +4)
You are immune to poison.
You resist negative energy. (rN+)
You are resistant to electric shocks. (rElec)
You can survive without breathing.
You are immune to petrification.
You are immune to rotting.


Message History

The ogre is lightly wounded.
The ogre hits you with a giant club!
You sock the ogre!
The ogre is heavily wounded.
The ogre hits you with a giant club!
You completely miss the ogre.
The ogre is heavily wounded.
The ogre barely misses you.
You barely miss the ogre.
The ogre is heavily wounded.
The ogre closely misses you.
You hit the ogre.
The ogre is severely wounded.
The ogre misses you.
You hit the ogre.
The ogre is almost dead.
You barely miss the ogre.
The ogre is almost dead.
The ogre hits you with a giant club!
You die...

### ##.## ##...
##...### ##...
#......####<...
#####.............#
..##†.............#
....#....####.....#
#...###..# #.O.#
##.## ##.# #.@.##
#.# #.# #....## #.#
##.# ##.....# #.#
#..# ##..##..# #.#
#..# ##..####.#
##.# #..###..## #.#
#..# #..##..## ##.#
†.## ##....## #.##
.## #...## #.#


You could see an ogre.

Vanquished Creatures
  A crimson imp (D:4)
  A hound (D:4)
  A bullfrog skeleton (D:4)
  A leopard gecko (D:1)
  An orc (D:4)
  A giant cockroach (D:1)
  2 goblins (D:1)
  3 hobgoblins
  2 jackals (D:1)
  7 kobolds
  4 bats (D:1)
  5 frilled lizards
  5 rats (D:1)
34 creatures vanquished.

Notes
Turn   | Place    | Note
-------+----------+-------------------------------------------
     0 | D:1      | glitchdot the Gargoyle Monk began the quest for the Orb.
     0 | D:1      | Reached XP level 1. HP: 14/14 MP: 1/1
   580 | D:1      | Reached XP level 2. HP: 15/19 MP: 2/2
  1122 | D:1      | Reached XP level 3. HP: 24/24 MP: 3/3
  1585 | D:2      | You fall through a shaft for 2 floors!
  1605 | D:4      | Found an opulent altar of Gozag.
  1655 | D:4      | Found a white marble altar of Elyvilon.
  1667 | D:4      | Reached XP level 4. HP: 15/29 MP: 4/4
  1931 | D:4      | Became a worshipper of Elyvilon the Healer
  1931 | D:4      | Reached * piety under Elyvilon
  1931 | D:4      | Reached ** piety under Elyvilon
  1993 | D:4      | Reached XP level 5. HP: 30/33 MP: 1/5
  2042 | D:4      | Noticed an ogre
  2062 | D:4      | Slain by an ogre

Skill      XL: |  1  2  3  4 |
---------------+-------------+-----
Maces & Flails | 4 |  4.4
Fighting       | 4 |  4.0
Dodging        | 3 |  3.0
Armour         | |  0.4
Stealth        | |  2.5
Invocations    | |  0.2

Action                   |  1- 3 |  4- 6 || total
-------------------------+-------+-------++-------
Melee: Mace              |    61 |    21 ||    82
       Whip              |    38 |     8 ||    46
Invok: Heal Other        |       |     1 ||     1
       Divine Protection |       |     1 ||     1
  Use: Potion            |     3 |       ||     3
       Scroll            |     2 |       ||     2
  Eat: Bread ration      |     1 |       ||     1
Armor: Robe              |    15 |       ||    15
       Ring mail         |    28 |     6 ||    34
Dodge: Dodged            |    71 |    19 ||    90
